Match 25252341
Unlisted

Match 25252341
End
Construct Section Command Post
Infantry Section
Dingo Light Scout Car
Infantry Section
Infantry Section
Construct Platoon Command Post
Unlock M3 Stuart Light Tanks
M3 Stuart Light Tank
Selects Indian Artillery Battlegroup
Selects Artillery Saturation
Selects Valour
M3 Stuart Light Tank
CMP 15cwt Truck
Selects Off-map Airburst Barrage
Royal Engineer Section
Infantry Section
6-pounder Anti-tank Gun Team
Construct Company Command Post
Selects BL5.5 Artillery Emplacement
Off-map Airburst Barrage
Matilda II Heavy Tank
CMP 15cwt Truck
Selects Gurkha Rifles Section
Selects Pillage
Matilda II Heavy Tank
Off-map Airburst Barrage
Foot Guards Section
Foot Guards Section
Off-map Airburst Barrage
Unlock M3 Grant Medium Tanks
Off-map Airburst Barrage
M3 Grant Medium Tank
M3 Grant Medium Tank
Off-map Airburst Barrage
M3 Grant Medium Tank
Off-map Airburst Barrage
M3 Grant Medium Tank
Royal Engineer Section
Off-map Airburst Barrage
Cactusgreymon
YangXYZ
compsecmonkey
Moose Constructor
Chunky Chez
Sabom
Espartero
-Caso-
0
0

Comments sign in to comment!

No comments posted yet!